Construct Section Command Post
Selects Australian Defense Battlegroup
Selects Australian Light Infantry Section
Construct Field Infirmary
Selects Defensive Tactics
Australian Light Infantry Section
Construct Platoon Command Post
Unlock M3 Stuart Light Tanks
Unlock Bishop Self-propelled Artillery
Australian Light Infantry Section
Selects CMP 15cwt Supply Run
Selects Reinforced Resource Caches
Bishop Self-propelled Artillery
6-pounder Anti-tank Gun Team
Construct Company Command Post
6-pounder Anti-tank Gun Team
6-pounder Anti-tank Gun Team
Bishop Self-propelled Artillery